 Dungeon Crawl Stone Soup version 0.26-a0-712-ga5a9c9c9d0 (webtiles) character file.

Game seed: 6686509209264338171

214 RaHiT the Skirmisher (level 5, 0/42 HPs)
             Began as a Demonspawn Chaos Knight on Oct 31, 2020.
             Was a Plaything of Xom.
             Slain by an ooze (3 damage)
             ... on level 3 of the Dungeon.
             The game lasted 00:12:06 (3649 turns).

RaHiT the Skirmisher (Demonspawn Chaos Knight)      Turns: 3649, Time: 00:12:07

Health: 0/42       AC: 10    Str: 10      XL:     5   Next: 60%
Magic:  7/7        EV: 10    Int: 16      God:    Xom [..*...]
Gold:   121        SH:  2    Dex:  5 (9)  Spells: 6/6 levels left

rFire    . . .     SeeInvis +     - Unarmed
rCold    . . .     Faith    .   s - +0 buckler
rNeg     . . .     Spirit   .   a - +2 leather armour
rPois    .         Reflect  .   (no helmet)
rElec    .         Harm     .   j - +1 cloak
rCorr    .         Rampage  .   l - +2 pair of gloves
MR       .....                  (no boots)
Stlth    +.........             (no amulet)
HPRegen  0.14/turn              c - ring of see invisible
MPRegen  0.10/turn              p - ring of wizardry

@: slowed, very slow
A: clumsy 2, deterioration 1, powered by pain 1, screaming 1, weak 1, subdued
magic 1, big brain 1
a: Renounce Religion


You were on level 3 of the Dungeon.
You worshipped Xom.
You were a toy of Xom.
You visited 1 branch of the dungeon, and saw 3 of its levels.

You collected 121 gold pieces.

Inventory:

Hand Weapons
 b - a +0 hunting sling
 k - a +1 dagger of electrocution
Missiles
 d - 99 stones
 e - 16 sling bullets
 f - 27 poisoned darts (quivered)
 h - a throwing net
 q - 15 arrows
Armour
 a - a +2 leather armour (worn)
 j - a +1 cloak (worn)
 l - a +2 pair of gloves (worn)
 s - a +0 buckler (worn)
Jewellery
 c - a ring of see invisible (left hand)
 p - a ring of wizardry (right hand)
Scrolls
 o - a scroll of amnesia
 r - a scroll of random uselessness {unknown}
Potions
 g - a potion of degeneration
 i - a potion of might
 m - a potion of flight


   Skills:
 * Level 4.1 Fighting
 + Level 1.3 Throwing
 + Level 2.3 Armour
 + Level 1.7 Dodging
 + Level 0.0 Shields
 * Level 3.7 Unarmed Combat
 + Level 1.4 Spellcasting


You had 6 spell levels left.
You didn't know any spells.
Your spell library was empty.

Dungeon Overview and Level Annotations

Branches:
Dungeon (3/15)

Altars:


Innate Abilities, Weirdness & Mutations

You sometimes gain a little power by taking damage.
You have an unusually large brain. (Int +2)
You are very clumsy. (Dex -4)
Your body sometimes deteriorates upon taking damage.
You occasionally shout uncontrollably at your foes.
You are weak. (Str -2)
Your spells are a little easier to cast, but a little less powerful.


Message History

The orc wizard hits you but does no damage.
You feel sick.
You are no longer poisoned.
The orc wizard gestures wildly while chanting.
The orc wizard blinks!
The orc wizard gestures at you while chanting.
The magic dart hits you!
* * * LOW HITPOINT WARNING * * *
You feel better. The orc wizard casts a spell at you.
The magic dart hits you but does no damage.
The ooze barely misses you.
The orc priest invokes the aid of Beogh against you.
Beogh smites you!
* * * LOW HITPOINT WARNING * * *
The orc wizard hits you with a +0 dagger.
* * * LOW HITPOINT WARNING * * *
The ooze hits you.
You die...
Xom is highly amused!

############ ...........#
##########.# ##########.#
...........# #######
##################o....#######
.........<.....o@Jo......)(..#
########.#########ยง....#####.#
.#.........#######.....# #.#
.......................# #J#
##########.#######.....# #.#
...# #.# #####o# #o# ##.# #.#
#.# #(# ##.#######.######## #..
#o# ................... ....
(..


You could see an orc priest, an orc wizard (fast), an ooze and 2 orcs.

Vanquished Creatures
  A bullfrog (D:1)
  3 gnolls (D:3)
  6 adders
  A worm (D:2)
  3 dart slugs
  A leopard gecko (D:2)
  2 orcs (D:3)
  8 bats
  6 giant cockroaches
  2 hobgoblins
  2 jackals (D:2)
  A quokka (D:2)
  2 ball pythons (D:1)
  4 frilled lizards
  11 goblins
  8 kobolds
  8 rats
69 creatures vanquished.

Notes
Turn   | Place    | Note
-------+----------+-------------------------------------------
     0 | D:1      | RaHiT the Demonspawn Chaos Knight began the quest for the
                  | Orb.
     0 | D:1      | Reached XP level 1. HP: 18/18 MP: 1/1
    55 | D:1      | XOM: silly message
   190 | D:1      | Reached skill level 1 in Dodging
   299 | D:1      | Gained mutation: You have an unusually large brain. (Int
                  | +2) [demonic ancestry]
   299 | D:1      | Reached XP level 2. HP: 24/24 MP: 2/2
   465 | D:1      | XOM: divination: magic mapping
   704 | D:1      | XOM: draining
   756 | D:1      | XOM: swap monsters
   890 | D:1      | XOM: give mutations
   890 | D:1      | Gained mutation: Your spells are a little easier to cast,
                  | but a little less powerful. [Xom's mischief]
   890 | D:1      | Gained mutation: You are weak. (Str -2) [Xom's mischief]
   935 | D:2      | XOM: smoke on damage
   945 | D:1      | Reached XP level 3. HP: 25/29 MP: 2/4
  1009 | D:2      | XOM: give mutations
  1009 | D:2      | Gained mutation: You are clumsy. (Dex -2) [Xom's mischief]
  1009 | D:2      | Gained mutation: You occasionally shout uncontrollably at
                  | your foes. [Xom's mischief]
  1377 | D:2      | Noticed a bullfrog
  1393 | D:1      | XOM: scenery: summon butterflies
  1404 | D:1      | Killed a bullfrog
  1404 | D:1      | Reached skill level 1 in Throwing
  1404 | D:1      | Reached skill level 1 in Spellcasting
  1404 | D:1      | Reached XP level 4. HP: 15/37 MP: 5/5
  1901 | D:2      | Gained mutation: You sometimes gain a little power by
                  | taking damage. [demonic ancestry]
  1901 | D:2      | Reached XP level 5. HP: 42/42 MP: 6/6
  2202 | D:2      | XOM: summons 3 hostile demons
  2203 | D:2      | Noticed a red devil
  2375 | D:2      | Found a faded altar of an unknown god.
  2397 | D:2      | XOM: stat loss: -1 Int (15/16)
  2487 | D:3      | Reached skill level 4 in Fighting
  2753 | D:3      | XOM: give mutations
  2753 | D:3      | Gained mutation: You are very clumsy. (Dex -4) [Xom's
                  | mischief]
  2753 | D:3      | Gained mutation: Your body sometimes deteriorates upon
                  | taking damage. [Xom's mischief]
  2788 | D:3      | XOM: enchant monster (bad)
  3022 | D:2      | XOM: summons 3 hostile demons
  3023 | D:2      | Noticed a chaos spawn
  3453 | D:3      | XOM: summons 3 hostile demons
  3454 | D:3      | Noticed a chaos spawn
  3649 | D:3      | Slain by an ooze

Illustrated notes

Levels and vault maps discovered:
D:1:      nicolae_arrival_memento_mori, layout_basic, lemuel_old_faithful
D:2:      layout_rooms, chequers_ecumenical_altar_grove
D:3:      layout_basic

Skill      XL: |  1  2  3  4  5 |
---------------+----------------+-----
Dodging        | 1 |  1.7
Unarmed Combat | 3 |  3.7
Armour         | 2 |  2.3
Throwing       | 1 |  1.3
Spellcasting   | 1 |  1.4
Fighting       | 4 |  4.1

Action                   |  1- 3 |  4- 6 || total
-------------------------+-------+-------++-------
Melee: Unarmed           |   137 |   123 ||   260
 Fire: Hunting sling     |     9 |    56 ||    65
Throw: Dart              |       |     8 ||     8
       Stone             |       |     2 ||     2
  Use: Scroll            |     3 |     2 ||     5
       Potion            |     4 |     1 ||     5
Armor: Leather armour    |    62 |    68 ||   130
Dodge: Dodged            |   115 |   105 ||   220

Table legend: (Time is in decaauts)
 A = Elapsed time spent in this place.
 B = Non-inter-level travel time spent in this place.
 C = Inter-level travel time spent in this place.
 D = Time resting spent in this place.
 E = Time spent auto-exploring this place.
 F = Levels seen in this place.
 G = Mean time per level.
                   A        B        C        D        E       F      G
               +--------+--------+--------+--------+--------+-----+--------+
         Total |   3646 |   3509 |    137 |   1002 |   1508 |   3 | 1215.3 |
       Dungeon |   3646 |   3509 |    137 |   1002 |   1508 |   3 | 1215.3 |
               +--------+--------+--------+--------+--------+-----+--------+

Top non-repeatable levels by time:
     D:1: 1672 daAuts
     D:2: 1131 daAuts
     D:3: 843 daAuts
